| TOP OF THE 1ST |
|
San Jose Giants batting - Pitching for Mississippi Braves : RHP Jeff Olech
|
|
Pitching: RHP Jeff Olech
|
|
|
Batting: LHB J.P. Olson
|
0-0: Called Strike 0-1: Swinging Strike 0-2: Foul Ball, location: 2F 0-2: Hit by Pitch
|
|
Batting: RHB Miguel Gonzalez
|
0-0: Called Strike 0-1: Ball 1-1: Ball 2-1: TRIPLE (Flyball, 9LD, EV 109.4 MPH) J.P. Olson scores
|
|
Batting: LHB Al Hernandez
|
0-0: Called Strike 0-1: Called Strike 0-2: Strikes out looking
|
|
Batting: LHB Tony Galvan
|
0-0: Ball 1-0: Called Strike 1-1: Ball 2-1: DOUBLE (Line Drive, 9LM, EV 90.6 MPH) Miguel Gonzalez scores
|
|
Batting: LHB Juan Gonzalez
|
0-0: Ball Tony Galvan steals 3rd base 1-0: Ball 2-0: Ball 3-0: Called Strike 3-1: Base on Balls
|
|
Batting: RHB Yutaka Oki
|
0-0: Called Strike 0-1: Ball 1-1: SINGLE (Line Drive, 78M, EV 89.4 MPH) Tony Galvan scores Juan Gonzalez to second
|
|
Batting: RHB Dinand Brouwer
|
0-0: Swinging Strike 0-1: Called Strike 0-2: Strikes out swinging
|
|
Batting: RHB Josh Lippens
|
0-0: Ball 1-0: Ground out 4-3 (Groundball, 4MS, EV 86.9 MPH)
|
| Top of the 1st over - 3 runs, 3 hits, 0 errors, 2 left on base; San Jose 3 - Mississippi 0 |
| BOTTOM OF THE 1ST |
|
Mississippi Braves batting - Pitching for San Jose Giants : RHP Israel Alvarado
|
|
Pitching: RHP Israel Alvarado
|
|
|
Batting: LHB Tsutomu Miyahara
|
0-0: Called Strike 0-1: Foul Ball, location: 2F 0-2: Ground out U3 (Groundball, 3S, EV 66.2 MPH)
|
|
Batting: LHB Erik Gretzky
|
0-0: Ball 1-0: Foul Ball, location: 2F 1-1: Foul Ball, location: 2F 1-2: Foul Ball, location: 2F 1-2: Foul Ball, location: 2F 1-2: Fly out, F7 (Flyball, 7LS, EV 79.4 MPH)
|
|
Batting: RHB Luis Revilla
|
0-0: Called Strike 0-1: Foul Ball, location: 2F 0-2: Strikes out swinging
|
| Bottom of the 1st over - 0 runs, 0 hits, 0 errors, 0 left on base; San Jose 3 - Mississippi 0 |
| TOP OF THE 2ND |
|
San Jose Giants batting - Pitching for Mississippi Braves : RHP Jeff Olech
|
|
Batting: RHB Mike Jones
|
0-0: Ball 1-0: Ball 2-0: Foul Ball, location: 2F 2-1: Called Strike 2-2: Ball 3-2: Fly out, F8 (Flyball, 8RD, EV 104.4 MPH)
|
|
Batting: LHB J.P. Olson
|
0-0: Foul Ball, location: 2F 0-1: Foul Ball, location: 2F 0-2: Foul Ball, location: 2F 0-2: Strikes out swinging
|
|
Batting: RHB Miguel Gonzalez
|
0-0: Called Strike 0-1: Ball 1-1: Ball 2-1: Ball 3-1: Called Strike 3-2: Foul Ball, location: 2F 3-2: Strikes out looking
|
| Top of the 2nd over - 0 runs, 0 hits, 0 errors, 0 left on base; San Jose 3 - Mississippi 0 |
| BOTTOM OF THE 2ND |
|
Mississippi Braves batting - Pitching for San Jose Giants : RHP Israel Alvarado
|
|
Batting: SHB Bob Morales
|
0-0: Ball 1-0: Foul Ball, location: 2F 1-1: Swinging Strike 1-2: Ball 2-2: Foul Ball, location: 2F 2-2: Strikes out looking
|
|
Batting: RHB Hieronim Rutkowski
|
0-0: Called Strike 0-1: Ball 1-1: Called Strike 1-2: Ground out 4-3 (Groundball, 4, EV 93.8 MPH)
|
|
Batting: RHB Edgar Castillo
|
0-0: Ground out 6-3 (Groundball, 6, EV 88.8 MPH)
|
| Bottom of the 2nd over - 0 runs, 0 hits, 0 errors, 0 left on base; San Jose 3 - Mississippi 0 |
| TOP OF THE 3RD |
|
San Jose Giants batting - Pitching for Mississippi Braves : RHP Jeff Olech
|
|
Batting: LHB Al Hernandez
|
0-0: Called Strike 0-1: Ground out 1-3 (Groundball, 13S, EV 70.0 MPH)
|
|
Batting: LHB Tony Galvan
|
0-0: Called Strike 0-1: Foul Ball, location: 2F 0-2: Strikes out looking
|
|
Batting: LHB Juan Gonzalez
|
0-0: Foul Ball, location: 2F 0-1: Swinging Strike 0-2: Strikes out swinging
|
| Top of the 3rd over - 0 runs, 0 hits, 0 errors, 0 left on base; San Jose 3 - Mississippi 0 |
| BOTTOM OF THE 3RD |
|
Mississippi Braves batting - Pitching for San Jose Giants : RHP Israel Alvarado
|
|
Batting: LHB Luis Cruz
|
0-0: Ball 1-0: Called Strike 1-1: Ground out 6-3 (Groundball, 6S, EV 84.4 MPH)
|
|
Batting: RHB Mike Meeker
|
0-0: Ball 1-0: SINGLE (Line Drive, 34D, EV 98.1 MPH)
|
|
Batting: SHB Juan Aguilar
|
0-0: Foul Ball, location: 2F 0-1: Swinging Strike 0-2: Ball 1-2: Ball 2-2: Foul Ball, location: 2F 2-2: Fielders Choice at 2nd, 4-6 (Groundball, 4, EV 104.4 MPH)
|
|
Batting: LHB Tsutomu Miyahara
|
0-0: Called Strike 0-1: Foul Ball, location: 2F 0-2: Foul Ball, location: 2F 0-2: Strikes out looking
|
| Bottom of the 3rd over - 0 runs, 1 hit, 0 errors, 1 left on base; San Jose 3 - Mississippi 0 |
| TOP OF THE 4TH |
|
San Jose Giants batting - Pitching for Mississippi Braves : RHP Jeff Olech
|
|
Batting: RHB Yutaka Oki
|
0-0: Ball 1-0: Ball 2-0: SINGLE (Line Drive, 7S, EV 109.4 MPH)
|
|
Batting: RHB Dinand Brouwer
|
0-0: Called Strike 0-1: Foul Ball, location: 2F 0-2: Strikes out swinging
|
|
Batting: RHB Josh Lippens
|
0-0: Ball 1-0: Grounds into double play, 4-6-3 (Groundball, 4, EV 80.6 MPH)
|
| Top of the 4th over - 0 runs, 1 hit, 0 errors, 0 left on base; San Jose 3 - Mississippi 0 |
| BOTTOM OF THE 4TH |
|
Mississippi Braves batting - Pitching for San Jose Giants : RHP Israel Alvarado
|
|
Batting: LHB Erik Gretzky
|
0-0: Swinging Strike 0-1: Swinging Strike 0-2: Foul Ball, location: 2F 0-2: Foul Ball, location: 2F 0-2: Strikes out looking
|
|
Batting: RHB Luis Revilla
|
0-0: Foul Ball, location: 2F 0-1: Foul Ball, location: 2F 0-2: Foul Ball, location: 2F 0-2: Strikes out swinging
|
|
Batting: SHB Bob Morales
|
0-0: Called Strike 0-1: Ball 1-1: Swinging Strike 1-2: Strikes out swinging
|
| Bottom of the 4th over - 0 runs, 0 hits, 0 errors, 0 left on base; San Jose 3 - Mississippi 0 |
| TOP OF THE 5TH |
|
San Jose Giants batting - Pitching for Mississippi Braves : RHP Jeff Olech
|
|
Batting: RHB Mike Jones
|
0-0: Ground out 1-3 (Groundball, 15, EV 70.6 MPH)
|
|
Batting: LHB J.P. Olson
|
0-0: Called Strike 0-1: Ball 1-1: Foul Ball, location: 2F 1-2: Ball 2-2: Fly out, F8 (Flyball, 8LM, EV 82.5 MPH)
|
|
Batting: RHB Miguel Gonzalez
|
0-0: Ball 1-0: Ball 2-0: Called Strike 2-1: Fly out, F7 (Flyball, 7, EV 90.6 MPH)
|
| Top of the 5th over - 0 runs, 0 hits, 0 errors, 0 left on base; San Jose 3 - Mississippi 0 |
| BOTTOM OF THE 5TH |
|
Mississippi Braves batting - Pitching for San Jose Giants : RHP Israel Alvarado
|
|
Batting: RHB Hieronim Rutkowski
|
0-0: Ball 1-0: Called Strike 1-1: Ground out 6-3 (Groundball, 6, EV 104.4 MPH)
|
|
Batting: RHB Edgar Castillo
|
0-0: Called Strike 0-1: Foul Ball, location: 2F 0-2: Ball 1-2: Ball 2-2: Foul Ball, location: 2F 2-2: Strikes out looking
|
|
Batting: LHB Luis Cruz
|
0-0: Ball 1-0: Called Strike 1-1: Ball 2-1: Foul Ball, location: 2F 2-2: Ball 3-2: Fly out, F7 (Flyball, 7, EV 90.6 MPH)
|
| Bottom of the 5th over - 0 runs, 0 hits, 0 errors, 0 left on base; San Jose 3 - Mississippi 0 |
| TOP OF THE 6TH |
|
San Jose Giants batting - Pitching for Mississippi Braves : RHP Jeff Olech
|
|
Batting: LHB Al Hernandez
|
0-0: Fly out, F5 (Popup, 6S, EV 84.4 MPH)
|
|
Batting: LHB Tony Galvan
|
0-0: Called Strike 0-1: Foul Ball, location: 2F 0-2: Ground out 5-3 (Groundball, 56, EV 88.1 MPH)
|
|
Batting: LHB Juan Gonzalez
|
0-0: Ball 1-0: Ball 2-0: Ball 3-0: Called Strike 3-1: Foul Ball, location: 2F 3-2: Foul Ball, location: 2F 3-2: Foul Ball, location: 2F 3-2: Base on Balls
|
|
Batting: RHB Yutaka Oki
|
0-0: Ball 1-0: Ball 2-0: Swinging Strike 2-1: Ball 3-1: Foul Ball, location: 2F 3-2: Strikes out swinging
|
| Top of the 6th over - 0 runs, 0 hits, 0 errors, 1 left on base; San Jose 3 - Mississippi 0 |
| BOTTOM OF THE 6TH |
|
Mississippi Braves batting - Pitching for San Jose Giants : RHP Israel Alvarado
|
|
Batting: RHB Mike Meeker
|
0-0: Ball 1-0: Called Strike 1-1: Swinging Strike 1-2: Fly out, F9 (Flyball, 9S, EV 90.0 MPH)
|
|
Batting: SHB Juan Aguilar
|
0-0: Called Strike 0-1: Ball 1-1: Ball 2-1: Swinging Strike 2-2: Ball 3-2: Strikes out swinging
|
|
Batting: LHB Tsutomu Miyahara
|
0-0: Foul Ball, location: 2F 0-1: Foul Ball, location: 2F 0-2: Ball 1-2: Ball 2-2: Strikes out swinging
|
| Bottom of the 6th over - 0 runs, 0 hits, 0 errors, 0 left on base; San Jose 3 - Mississippi 0 |
| TOP OF THE 7TH |
|
San Jose Giants batting - Pitching for Mississippi Braves : RHP Jeff Olech
|
|
Batting: RHB Dinand Brouwer
|
0-0: Called Strike 0-1: Foul Ball, location: 2F 0-2: Ball 1-2: Ball 2-2: Ball 3-2: Fly out, F7 (Flyball, 7S, EV 83.8 MPH)
|
|
Pitching: RHP Tade Balder
|
|
|
Batting: RHB Josh Lippens
|
0-0: Foul Ball, location: 2F 0-1: Swinging Strike 0-2: Ball 1-2: Strikes out looking
|
|
Batting: RHB Mike Jones
|
0-0: Ground out 1-3 (Groundball, 13, EV 74.4 MPH)
|
| Top of the 7th over - 0 runs, 0 hits, 0 errors, 0 left on base; San Jose 3 - Mississippi 0 |
| BOTTOM OF THE 7TH |
|
Mississippi Braves batting - Pitching for San Jose Giants : RHP Israel Alvarado
|
|
Now at 1B: Mike Jones
|
|
|
Now at 2B: Sadataka Kuwahara
|
|
|
Batting: LHB Erik Gretzky
|
0-0: Ball 1-0: Ball 2-0: Foul Ball, location: 2F 2-1: Ball 3-1: SINGLE (Groundball, 34D, EV 100.6 MPH)
|
|
Batting: RHB Luis Revilla
|
0-0: Ball 1-0: Ball Erik Gretzky is caught stealing 2nd base 2-4 2-0: Ground out U3 (Groundball, 34, EV 108.1 MPH)
|
|
Batting: SHB Bob Morales
|
0-0: Foul Ball, location: 2F 0-1: Swinging Strike 0-2: Strikes out swinging
|
| Bottom of the 7th over - 0 runs, 1 hit, 0 errors, 0 left on base; San Jose 3 - Mississippi 0 |
| TOP OF THE 8TH |
|
San Jose Giants batting - Pitching for Mississippi Braves : RHP Tade Balder
|
|
Batting: LHB J.P. Olson
|
0-0: Called Strike 0-1: Foul Ball, location: 2F 0-2: Fly out, F9 (Flyball, 89S, EV 70.6 MPH)
|
|
Batting: RHB Miguel Gonzalez
|
0-0: Ball 1-0: Ball 2-0: Ground out 6-3 (Groundball, 6S, EV 65.0 MPH)
|
|
Batting: LHB Al Hernandez
|
0-0: Ball 1-0: Called Strike 1-1: Swinging Strike 1-2: Ball 2-2: Foul Ball, location: 2F 2-2: Strikes out looking
|
| Top of the 8th over - 0 runs, 0 hits, 0 errors, 0 left on base; San Jose 3 - Mississippi 0 |
| BOTTOM OF THE 8TH |
|
Mississippi Braves batting - Pitching for San Jose Giants : RHP Israel Alvarado
|
|
Batting: RHB Hieronim Rutkowski
|
0-0: Ball 1-0: Ball 2-0: Called Strike 2-1: Called Strike 2-2: SINGLE (Groundball, 6MD, EV 93.8 MPH)
|
|
Pitching: RHP Lorenzo Merjil
|
|
|
Batting: RHB Edgar Castillo
|
|
|
Pinch Hitting: LHB Chad Persaud
|
0-0: Called Strike 0-1: Called Strike 0-2: Strikes out swinging
|
|
Batting: LHB Luis Cruz
|
0-0: Foul Ball, location: 2F 0-1: Ball 1-1: Ball 2-1: Ball 3-1: Foul Ball, location: 2F 3-2: SINGLE (Groundball, 34D, EV 97.5 MPH) Hieronim Rutkowski to second Hieronim Rutkowski to third
|
|
Batting: RHB Mike Meeker
|
0-0: Called Strike 0-1: Ball 1-1: SINGLE (Groundball, 13, EV 93.8 MPH) (infield hit) Hieronim Rutkowski scores Luis Cruz to second
|
|
Batting: SHB Juan Aguilar
|
0-0: Ball 1-0: Fly out, F7 (Flyball, 78M, EV 87.5 MPH)
|
|
Batting: LHB Tsutomu Miyahara
|
0-0: Ball 1-0: Ball 2-0: Ball 3-0: Base on Balls Luis Cruz to third Mike Meeker to second
|
|
Pitching: LHP Matt Wass
|
|
|
Batting: LHB Erik Gretzky
|
0-0: Foul Ball, location: 2F 0-1: Swinging Strike 0-2: DOUBLE (Flyball, 8RXD, EV 97.5 MPH) Luis Cruz scores Mike Meeker scores Tsutomu Miyahara to third Runner from 3rd tries for Home, SAFE, throw by CF to home
|
|
Batting: RHB Luis Revilla
|
0-0: Intentional Walk
|
|
Batting: SHB Bob Morales
|
0-0: Called Strike 0-1: Foul Ball, location: 2F 0-2: Ball 1-2: Strikes out swinging
|
| Bottom of the 8th over - 4 runs, 4 hits, 0 errors, 2 left on base; San Jose 3 - Mississippi 4 |
| TOP OF THE 9TH |
|
San Jose Giants batting - Pitching for Mississippi Braves : RHP Tade Balder
|
|
Pitching: RHP Bryan Vandenburgh
|
|
|
Now at 1B: Mike Tenorio
|
|
|
Batting: LHB Tony Galvan
|
0-0: Ball 1-0: Ball 2-0: Ball 3-0: Called Strike 3-1: Called Strike 3-2: Foul Ball, location: 2F 3-2: Fly out, F9 (Flyball, 89D, EV 100.6 MPH)
|
|
Batting: RHB Sadataka Kuwahara
|
0-0: Ball 1-0: Foul Ball, location: 2F 1-1: SINGLE (Groundball, 4D, EV 98.1 MPH)
|
|
Batting: RHB Yutaka Oki
|
0-0: Ball 1-0: Ball 2-0: Swinging Strike 2-1: Ball 3-1: Foul Ball, location: 2F 3-2: Foul Ball, location: 2F 3-2: SINGLE (Flyball, 89S, EV 91.9 MPH) Sadataka Kuwahara to second Runner from 2nd tries for 3rd, OUT! 9-5
|
|
Pinch Hitting: LHB Ryan Anderson
|
0-0: Called Strike 0-1: Foul Ball, location: 2F 0-2: Ball 1-2: Strikes out looking
|
| Top of the 9th over - 0 runs, 2 hits, 0 errors, 1 left on base; San Jose 3 - Mississippi 4 |
|